 Dungeon Crawl Stone Soup version 0.24-a0-201-gf2055891f0 (webtiles) character file.

Game seed: 2644808791786380178

74 Orphidia the Grave Robber (level 4, 0/30 HPs)
             Began as a Mummy Necromancer on Mar 20, 2019.
             Slain by a hound (1 damage)
             ... on level 4 of the Dungeon.
             The game lasted 00:06:32 (2123 turns).

Orphidia the Grave Robber (Mummy Necromancer)       Turns: 2123, Time: 00:06:32

Health: 0/30       AC:  3    Str: 11    XL:     4   Next: 9%
Magic:  10/10      EV: 12    Int: 15    God:
Gold:   29         SH:  0    Dex: 12    Spells: 3/11 levels left

rFire    x . .     SeeInvis .   d - +2 dagger (speed)
rCold    + . .     Gourm    .   (no shield)
rNeg     + + +     Faith    .   a - +1 robe
rPois    ∞         Spirit   .   (no helmet)
rElec    .         Reflect  .   (no cloak)
rCorr    .         Harm     .   (no gloves)
MR       .....                  (no boots)
Stlth    ++........             (no amulet)
HPRegen  0.10/turn              (no ring)
MPRegen  0.12/turn              (no ring)

@: no status effects
A: no food or potions, fire vulnerability, cold resistance 1, negative energy
resistance 3, torment resistance, unbreathing
a: no special abilities


You were on level 4 of the Dungeon.
You were not hungry.

You visited 1 branch of the dungeon, and saw 4 of its levels.

You collected 29 gold pieces.


Innate Abilities, Weirdness & Mutations

You do not eat or drink.
Your flesh is vulnerable to fire.
You are immune to poison.
Your flesh is cold resistant. (rC+)
You are immune to negative energy. (rN+++)
You are immune to unholy pain and torment.
You can survive without breathing.


   Skills:
 - Level 1.5 Dodging
 - Level 1.5 Stealth
 + Level 4.3 Spellcasting
 + Level 4.9 Necromancy


You had 3 spell levels left.
You knew the following spells:

 Your Spells              Type           Power        Failure   Level  Hunger
A - Pain                  Necr           ###.         2%          1    N/A
B - Vampiric Draining     Necr           ###.......   7%          3    N/A
C - Animate Dead          Necr           N/A          22%         4    N/A

Your spell library contained the following spells:

 Spells                   Type           Power        Failure   Level  Hunger
 Animate Skeleton         Necr           N/A          2%          1    N/A
 Regeneration             Chrm/Necr      Unusable     N/A         3    N/A

Action                   |  1- 3 |  4- 6 || total
-------------------------+-------+-------++-------
Melee: Dagger            |     7 |     3 ||    10
 Cast: Pain              |    82 |     8 ||    90
  Use: Scroll            |     2 |     1 ||     3
Armor: Robe              |     4 |     2 ||     6
Dodge: Dodged            |    21 |    11 ||    32

Inventory:

Hand Weapons
 d - a +2 dagger of speed (weapon)
Armour
 a - a +1 robe (worn)
Scrolls
 c - 3 scrolls of identify

...#...........###.r.
..#....#...#### ##.#
....###......####..
##..##.w.....##.#.. . #
#.............o..##
..#.##....o.#.r.#......#
.....>......#..###..?###
#.....Z.....## ##..#
#....@h....## ####
#.....r....#
#.<........#
....!....#...#
...........###
.....#...### ....######
...#


You could see a hound, a dart slug, an orc, a quokka and a bullfrog skeleton.

Vanquished Creatures
  An adder (D:1)
  An ooze (D:2)
  A worm (D:2)
  A dart slug (D:2)
  A ball python (D:2)
  7 bats
  5 giant cockroaches
  3 hobgoblins
  2 jackals (D:1)
  5 kobolds
  A quokka (D:2)
  6 frilled lizards
  13 goblins
  2 rats (D:1)
49 creatures vanquished.

Vanquished Creatures (others)
  A quokka (D:2)
1 creature vanquished.

Grand Total: 50 creatures vanquished

Levels and vault maps discovered:
D:1:      minmay_arrival_checkered_box, layout_basic,
          chequers_serial_rivers_room_a
D:2:      layout_basic, elyvilon_altar_4,
          chequers_temple_overflow_statue_of_worship, overflow_temple_1_default,
          first_ration, minmay_distorted, uniq_sigmund
D:3:      layout_basic, lemuel_round_altar, old_standard_altar,
          ebering_ghost_rock_garden, kennysheep_jessica_study, uniq_robin
D:4:      layout_cave_pools, serial_shops, nicolae_shop_crystal, uniq_pikel


Message History

The bullfrog skeleton hits you.
The bullfrog skeleton barely misses you.
The hound bites you. The hound bites you.
Found a stone staircase leading down.
Found a grey potion.
Found a stone staircase leading up.
The hound bites you. The bullfrog skeleton hits you!
* * * LOW HITPOINT WARNING * * *
The hound bites you.
* * * LOW HITPOINT WARNING * * *
You can't drink.
Okay, then.
You aren't carrying any items that you can evoke.
As you read the scroll of enchant armour, it crumbles to dust.
Your +0 robe glows green for a moment.
The hound bites you.
* * * LOW HITPOINT WARNING * * *
The bullfrog skeleton hits you.
* * * LOW HITPOINT WARNING * * *
The hound bites you.
You die...

Notes
Turn   | Place    | Note
-------+----------+-------------------------------------------
     0 | D:1      | Orphidia the Mummy Necromancer began the quest for the Orb.
     0 | D:1      | Reached XP level 1. HP: 13/13 MP: 4/4
   207 | D:1      | Reached XP level 2. HP: 19/19 MP: 4/6
   823 | D:1      | Reached XP level 3. HP: 20/24 MP: 2/8
   906 | D:2      | Noticed Sigmund
  1049 | D:2      | Found an opulent altar of Gozag.
  1052 | D:2      | Found a sacrificial altar of Ru.
  1052 | D:2      | Found a stormy altar of Qazlal.
  1150 | D:2      | Found a hazy altar of Hepliaklqana.
  1173 | D:2      | Learned a level 3 spell: Vampiric Draining
  1194 | D:2      | Found a white marble altar of Elyvilon.
  1505 | D:2      | Found a hide-covered altar of Uskayaw.
  1911 | D:2      | Reached XP level 4. HP: 29/30 MP: 7/10
  2022 | D:3      | Learned a level 4 spell: Animate Dead
  2093 | D:3      | You fall through a shaft!
  2122 | D:4      | HP: 1/30 [bullfrog skeleton (3)]
  2123 | D:4      | Slain by a hound
